 Dungeon Crawl Stone Soup version 0.27.0-1-g7a089689b8 (webtiles) character file.

Game seed: 15816039186886455748

79 Sin92 the Skirmisher (level 4, 0/35 HPs)
             Began as a Demonspawn Fighter on Aug 1, 2021.
             Slain by Terence (5 damage)
             ... on level 3 of the Dungeon.
             The game lasted 00:02:17 (2299 turns).

Sin92 the Skirmisher (Demonspawn Fighter)           Turns: 2299, Time: 00:02:18

Health: 0/35       AC:  6    Str: 17    XL:     4   Next: 16%
Magic:  4/4        EV:  7    Int: 11    God:
Gold:   109        SH:  9    Dex: 13    Spells: 3/3 levels left

rFire    . . .     SeeInvis .   a - +0 war axe
rCold    . . .     Faith    .   c - +0 kite shield
rNeg     . . .     Spirit   .   b - +0 scale mail
rPois    .         Reflect  .   (no helmet)
rElec    .         Harm     .   (no cloak)
rCorr    .         Rampage  .   (no gloves)
Will     .....                  (no boots)
Stlth    ..........             (no amulet)
HPRegen  0.11/turn              (no ring)
MPRegen  0.09/turn              (no ring)

@: no status effects
A: foul stench 1, big brain 1
a: no special abilities


You were on level 3 of the Dungeon.
You visited 1 branch of the dungeon, and saw 3 of its levels.

You collected 109 gold pieces.

Inventory:

Hand Weapons
 a - a +0 war axe (weapon)
Armour
 b - a +0 scale mail (worn)
 c - a +0 kite shield (worn)
Scrolls
 e - a scroll of noise
 j - a scroll of identify
Potions
 d - a potion of might
 k - a potion of lignification {unknown}


   Skills:
 + Level 3.3 Fighting
 * Level 2.8 Axes
 + Level 3.1 Armour
 + Level 1.0 Dodging
 + Level 3.0 Shields


You had 3 spell levels left.
You didn't know any spells.
Your spell library contained the following spells:

 Spells                   Type           Power      Damage    Failure   Level
 Freeze                   Ice            0%         1d3       99%         1
 Frozen Ramparts          Ice            0%         1d2       100%        3
 Stone Arrow              Conj/Erth      0%         3d7       100%        3
 Hailstorm                Conj/Ice       0%         3d3       100%        4
 Bolt of Magma            Conj/Fire/Erth 0%         4d4       100%        5
 Shatter                  Erth           0%         3d5*      100%        9


Dungeon Overview and Level Annotations

Branches:
Dungeon (3/15)

Altars:
Fedhas
Gozag
Hepliaklqana
Nemelex Xobeh
Qazlal
Trog
Xom
Yredelemnul
The Shining One

Portals:
Abyss: D:3

Annotations:
D:3 2 transporters, 1 runed translucent door, Crazy Yiuf; Terence; sasquatch's ghost, amateur DECj


Innate Abilities, Weirdness & Mutations

You may rarely emit foul miasma when damaged in melee.
You have an unusually large brain. (Int +2)


Message History

You hit Terence but do no damage.
Terence is heavily wounded.
You block Terence's attack.
Unknown command.
You hit Terence but do no damage.
Terence is heavily wounded.
You block Terence's attack. Terence hits you with a +0 trident.
Unknown command.
You are too injured to fight recklessly!
You are too injured to fight recklessly!
Unknown command.
You barely miss Terence.
Terence is heavily wounded.
You block Terence's attack. Terence hits you but does no damage.
You slash Terence!
Terence is severely wounded.
You block Terence's attack.
Your scale mail prevents you from hitting Terence.
Terence is severely wounded.
Terence completely misses you. Terence hits you with a +0 trident!
* * * LOW HITPOINT WARNING * * *
You hit Terence but do no damage.
Terence is severely wounded.
Terence hits you but does no damage. You block Terence's attack.
You closely miss Terence.
Terence is severely wounded.
Terence completely misses you.
You barely miss Terence.
Terence is severely wounded.
Terence hits you with a +0 trident.
* * * LOW HITPOINT WARNING * * *
Terence bares his teeth.
You block Terence's attack.
You barely miss Terence.
Terence is severely wounded.
You block Terence's attack.
You closely miss Terence.
Terence is severely wounded.
Terence hits you with a +0 trident.
You die...

#....# #..^.#......#.#..
#....###....####...#.#.[
#...........#...........
...####...###.#.#.#.##.#.#....
................#.#.##.#...(..
#######...###.###.#.##.#......
########...# #.# #.#.##.#......
#.........## #.# #.#.##.#..(#..
#.....###.# #@# #.#.##+#......
#.....# #.####@# #.#.#....#.#.#
#.....# #.##.#.# #.#.#.........
###.....# #.##.#.###.#.#.........
.....#### #.##)#.#...............
###########.##.#.#.#.#.###.......
...............#.#.#.#...#.......
#####..........#.#.............>.
####..........# #.####..#.......


You could see Terence.

Vanquished Creatures
  3 adders
  A worm (D:2)
  A dart slug (D:1)
  6 endoplasms
  A giant cockroach (D:1)
  3 hobgoblins
  3 jackals (D:1)
  8 kobolds
  3 ball pythons
  8 bats
  2 frilled lizards
  A goblin (D:1)
  6 rats
46 creatures vanquished.

Vanquished Creatures (others)
  4 plants (D:1)
4 creatures vanquished.

Grand Total: 50 creatures vanquished

Notes
Turn   | Place    | Note
-------+----------+-------------------------------------------
     0 | D:1      | Sin92 the Demonspawn Fighter began the quest for the Orb.
     0 | D:1      | Reached XP level 1. HP: 18/18 MP: 1/1
   179 | D:1      | Gained mutation: You may rarely emit foul miasma when
                  | damaged in melee. [demonic ancestry]
   179 | D:1      | Reached XP level 2. HP: 23/24 MP: 2/2
   384 | D:1      | Found a faded altar of an unknown god.
   853 | D:2      | Gained mutation: You have an unusually large brain. (Int
                  | +2) [demonic ancestry]
   853 | D:2      | Reached XP level 3. HP: 29/29 MP: 3/3
  1031 | D:2      | Found a shimmering altar of Xom.
  1658 | D:3      | Found a stormy altar of Qazlal.
  1663 | D:3      | Found a basalt altar of Yredelemnul.
  1668 | D:3      | Found a blossoming altar of Fedhas.
  1669 | D:3      | Found a bloodstained altar of Trog.
  1671 | D:3      | Found a hazy altar of Hepliaklqana.
  1672 | D:3      | Found an opulent altar of Gozag.
  1673 | D:3      | Found a sparkling altar of Nemelex Xobeh.
  1694 | D:3      | Reached skill level 1 in Dodging
  1694 | D:3      | Reached XP level 4. HP: 34/35 MP: 4/4
  1914 | D:3      | Noticed sasquatch's ghost (amateur DECj)
  1915 | D:3      | Found a one-way gate to the infinite horrors of the Abyss.
  1924 | D:3      | Found a transporter.
  1958 | D:3      | Found a transporter.
  2255 | D:3      | Found a runed translucent door.
  2256 | D:3      | Noticed Crazy Yiuf
  2284 | D:3      | Noticed Terence
  2299 | D:3      | Slain by Terence

Illustrated notes

Levels and vault maps discovered:
D:1:      lightli_arrival_noodles, layout_basic,
          shapermc_ecumenical_altar_hornbeckon
D:2:      layout_basic, basic_altar, grunt_decor_mini_mirrors,
          minmay_heptomino_w4
D:3:      layout_basic, minitemple, gammafunk_ghost_abyssal_escape,
          uniq_terence, uniq_crazy_yiuf_cottage

Skill      XL: |  1  2  3 |
---------------+----------+-----
Axes           | 2 |  2.8
Armour         | 3 |  3.1
Shields        | 3 |  3.0
Dodging        | 1 |  1.0
Fighting       | |  3.3

Action                   |  1- 3 |  4- 6 || total
-------------------------+-------+-------++-------
Melee: War axe           |   120 |    19 ||   139
  Use: Scroll            |     5 |       ||     5
Armor: Scale mail        |    62 |     6 ||    68
Dodge: Dodged            |    46 |     4 ||    50
Block: Kite shield       |    91 |    13 ||   104
